← All builds
Tech / Armada / Economy first / OBSERVED BUILD

Standard tech

Armada Tech (Eco) build order · Supreme Isthmus

Rushes T2 by 4:15, gets Advanced Metal Extractor around 5:28, hands off T2 constructors to Geo and the team, then scales eco and supplies the team's T2 needs through the rest of the game.

Usually first T2 con to Geo (83%)

#eco #t2 #team support · 1580 distinct matches · 252 players · 60% of Armada Tech games · team won 53% of 1886 · Recently observed

HOW TO PLAY IT

Key timing: T2 factory by 4:15

  1. Open 3 mex and heavy wind to fund a fast T2 rush.
  2. Put down Bot Lab, planning to eat it for reclaim soon after.
  3. Get Advanced Bot Lab up, hitting the T2 factory rush timing.
  4. Upgrade mex to Advanced Metal Extractor to lock in team metal income.
  5. Eat Advanced Bot Lab and keep sending cons to Geo and Pond.

Phase by phase

TYPICAL OF ITS 1580 GAMES
  1. 1
  2. 2
  3. 3
  4. 4
PLAY THE OPENING

Follow the example game's first 6:00 step by step: what to build now, what comes next, and where it goes. At 1× it keeps pace with your own game.

  1. 1

    Up to the Bot Lab

    Economy
    • Metal Extractor3Mex
    • Wind Turbine4Wind
    Order
    1. Bot LabBot Lab after 3 mex, 4 winddone ~1:18, middle half 1:13–1:32

    Some games also: energy storage (31%)

    By 1:01 in all: 3 mex · 4 wind

    The example game in this phase · 3 steps
    1. Mex ×3
    2. Wind ×2
    3. Bot LabBot Labdone 1:03 · typical 1:18
  2. 2

    Bot Lab to Advanced Bot Lab

    Economy
    • Metal Extractor1Mex
    • Wind Turbine8Wind
    • Energy Storage1Energy storage
    Order
    1. Advanced Bot LabAdvanced Bot Lab after 4 mex, 12 wind, 3 con turretdone ~4:16, middle half 4:04–4:30
    Builders
    • Construction Turret3 Con turret
    • Lazarus3 Lazarus
    • Construction Bot2 Con bot
    • Construction Bot1 Con bot for allies

    Some games also: converter (36%)

    By 3:18 in all: 4 mex · 12 wind · 1 energy storage · 3 con turret

    The example game in this phase · 33 steps
    1. Wind
    2. LazarusLazarus
    3. Wind ×3
    4. LazarusLazarus
    5. Wind ×2
    6. Construction BotCon bot
    7. LazarusLazarus ×2
    8. Wind
    9. LazarusLazarus
    10. Wind
    11. Mex
    12. Construction BotCon bot
    13. Energy storage
    14. Construction BotCon botfor Air
    15. Con turret ×2
    16. Energy storage
    17. Con turret
    18. Converter ×2
    19. Wind ×2
    20. Converter
    21. Wind
    22. Converter
    23. Wind ×2
    24. Converter
    25. Wind
    26. Converter
    27. Wind
    28. Converter
    29. Wind
    30. Bot LabEat Bot Labreclaimed for its metal
    31. Converter
    32. Wind ×2
    33. Advanced Bot LabAdvanced Bot Labdone 4:53 · typical 4:16
  3. 3

    Advanced Bot Lab to 5:00

    Economy
    • Wind Turbine3Wind
    Order
    1. Bot LabEat Bot Lab
    Builders
    • Advanced Construction Bot1 T2 con bot for allies

    Some games also: converter (35%)

    By 5:00 in all: 4 mex · 15 wind · 1 converter · 1 energy storage · 3 con turret

    The example game in this phase · 2 steps
    1. Advanced Construction BotT2 con botfor Air
    2. Wind
  4. 4

    5:00 to 10:00

    Economy
    • Wind Turbine43Wind
    • Energy Converter6Converter
    Builders
    • Butler9 Butler
    • Advanced Construction Bot4 T2 con bot for allies
    • Advanced Construction Bot1 T2 con bot

    Some games also: con turret (43%) · Butler for allies (37%)

    By 10:00 in all: 4 mex · 58 wind · 8 converter · 1 energy storage · 3 con turret

    The example game in this phase · 73 steps
    1. Wind ×2
    2. Advanced Metal ExtractorT2 mexdone 5:38 · typical 5:28
    3. Wind
    4. Advanced Construction BotT2 con botfor Geo sea
    5. SharpshooterSniper botfor Ponddone 6:27
    6. Advanced Metal ExtractorT2 mex
    7. Advanced Construction BotT2 con botfor Beach sea
    8. ButlerButler ×2
    9. Advanced Metal ExtractorT2 mex
    10. ButlerButler
    11. Advanced Metal ExtractorT2 mex
    12. FatboyFatboyfor Frontdone 8:57
    13. Wind ×2
    14. Con turret
    15. Wind ×5
    16. Advanced Construction BotT2 con botfor Pond
    17. Wind ×2
    18. ButlerButler
    19. Wind
    20. ButlerButler
    21. Wind
    22. ButlerButler
    23. Wind
    24. Advanced Construction BotT2 con bot
    25. Wind ×6
    26. Con turret
    27. ButlerButler
    28. Wind ×3
    29. Con turret
    30. Wind
    31. ButlerButler
    32. Wind ×3
    33. ButlerButler
    34. Con turret
    35. Wind ×4
    36. Con turret
    37. Wind ×6
    38. Advanced Construction BotT2 con bot
    39. Wind ×3
    40. ButlerButler
    41. Wind
    42. Con turret
    43. Wind ×2
    44. Converter
    45. Fusion ReactorFusionnot finished by 15:00
    46. Wind ×2
    47. Con turret
    48. Converter
    49. RattlesnakeRattlesnakenot finished by 15:00
    50. Wind ×2
    51. Converter
    52. Wind ×2
    53. Con turret
    54. Converter
    55. Wind ×2
    56. Converter
    57. Con turret
    58. ButlerButler
    59. Converter
    60. Con turret
    61. Converter
    62. Wind ×2
    63. Con turret
    64. Converter ×2
    65. ButlerButler
    66. Converter
    67. WelderWelder
    68. Converter
    69. Wind
    70. Converter
    71. Wind
    72. WelderWelder
    73. Converter ×2

Counts are medians over the build's games: half of them build more, half fewer. The example game is rokbe's (32 OS, 10/08/2026); pick another.

Team trades

IN AT LEAST 30% OF ITS GAMES

You hand over

  • Construction Bot1 Con bot to Airfirst at 2:23 · in 84% of games
  • Advanced Construction Bot5 T2 con bot to Air or Pond or Geo seafirst at 4:50 · in 99% of games
  • Butler2 Butler to Geo sea or Beach sea or Pondfirst at 9:06 · in 43% of games

You get

  • Hercules1 Light transport from Airfirst at 4:01 · in 86% of games

How it plays out

Typical game of this build, running totals by minute

Metal produced

020k40k
0:005:0010:0015:00

metal

Enemy metal destroyed

050100150
0:005:0010:0015:00

metal

Own metal lost

050100150
0:005:0010:0015:00

metal

1886 games.

Show as table
ByMetal produced: This buildEnemy metal destroyed: This buildOwn metal lost: This build
1:0038300
2:0091500
3:00165200
4:00314400
5:00484800
6:00580200
7:00723200
8:00906400
9:001117700
10:001351300
11:001624200
12:001965600
13:002342600
14:0027286074
15:0031503110130
WHAT THE NUMBERS SAY

Standard Tech play barely fights at all early, instead pouring metal into T2 infrastructure and constructors for the team.

  • + Metal produced hits 31679 by 15:00, by far the highest of any role here.
  • + T2 factory reached in 97% of games by 4:15, fastest and most reliable T2 timing.
  • − Enemy metal destroyed stays at 0 through 10:00, no early offense at all.
  • − Own metal lost also near 0, showing total avoidance of combat risk.
THE EXAMPLE YOU ARE READING

rokbe

31.5 OS · 10/08/2026

Open source match ↗

3 received units
1229 metal received · 35350 energy received

Allied construction assistance is unknown. Timings are observations, not a promise of solo reproducibility.

Typical milestones

Bot Lab1:18Middle 50%: 1:13–1:32 · n=1886
Advanced Bot Lab4:16Middle 50%: 4:04–4:30 · n=1879
Advanced Metal Extractor5:28Middle 50%: 5:05–5:59 · n=1882

Played most by

Amrissa96games of this buildTheGeneraI70games of this buildAdeus57games of this buildEl_Turco54games of this buildKOT_44games of this build